[Event "Superettan 2017/2018"]
[Site "Vegagatan 20, Gothenburg, Sweden"]
[Date "2018.02.02"]
[Round "1.1"]
[White "Tukhaev, Adam"]
[Black "Rozentalis, Eduardas"]
[Result "1/2-1/2"]
[TimeControl "90 minutes for 40 moves + 30 minutes for the rest of the game + 30 seconds per move from move one."]
[WhiteTitle "GM"]
[BlackTitle "GM"]
[WhiteFideId "14109476"]
[BlackFideId "12800023"]
[WhiteElo "2556"]
[BlackElo "2520"]

1. e4 e5 2. Nf3 Nf6 3. Nxe5 d6 4. Nf3 Nxe4 5. Nc3 Nf6 6. d4 Be7 7. Bd3 O-O 8. Ne2 c5 9. h3 Nc6 10.
dxc5 dxc5 11. c3 h6 12. O-O a6 13. Qc2 Bd6 14. Rd1 Qc7 15. Qa4 Ne7 16. Bf4 Bxf4 17. Qxf4 Qxf4 18. Nxf4 g5 19.
Ne2 Re8 20. h4 g4 21. Ne5 Be6 22. Nf4 Ned5 23. Nxd5 Bxd5 24. Nc4 Bxc4 25. Bxc4 b5 26. Bf1 Rad8 27. a4 c4 28. g3 Kg7 29.
axb5 1/2-1/2

[Event "Superettan 2017/2018"]
[Site "Vegagatan 20, Gothenburg, Sweden"]
[Date "2018.02.02"]
[Round "1.2"]
[White "Welin, Mats"]
[Black "Kumar, Rahul"]
[Result "1/2-1/2"]
[TimeControl "90 minutes for 40 moves + 30 minutes for the rest of the game + 30 seconds per move from move one."]
[WhiteTitle "FM"]
[WhiteFideId "1705180"]
[BlackFideId "5010969"]
[WhiteElo "2314"]
[BlackElo "2183"]

1. e4 g6 2. d4 Bg7 3. Nc3 c6 4. Nf3 d5 5. h3 Nf6 6. e5 Nfd7 7. Ne2 e6 8. Nf4 c5 9. c3 b6 10. h4 Ba6 11. h5 Bxf1 12. Kxf1 Nc6 13. Qd3 Qe7 14.
Qb5 Rc8 15. hxg6 hxg6 16. Rxh8+ Bxh8 17. Bd2 g5 18. Ne2 g4 19. Ng5 Bg7 20. Qd3 Bh6 21. Qh7 Bxg5 22. Qg8+ Qf8 23. Qxg5 Qh8 24.
Qxg4 Kd8 25. g3 Qh1+ 26. Ng1 Qh7 27. Kg2 Kc7 28. Nf3 Rh8 29. Re1 Kc8 30. Ng5 Qh2+ 31. Kf1 Rg8 32. Ke2 Rg7 33.
Qf3 Qh6 34. Nxf7 Qg6 35. Nd6+ Kd8 36. Qf4 Qh5+ 37. Kd3 cxd4 38. cxd4 Rg4 39. Qf7 Rxd4+ 40. Kc2 Qxf7 41. Nxf7+ Ke7 42.
Ng5 Rc4+ 43. Kd1 Ra4 44. a3 Nc5 45. Rh1 Nxe5 46. Rh6 Ng4 47. Rh7+ Kf6 48. f3 Ne5 49. b4 Nb3 50. Rh6+ Kf5 51.
g4+ Nxg4 52. fxg4+ Kxg4 53. Nxe6 Nxd2 54. Kxd2 Rxa3 55. Rf6 Rb3 56. Rg6+ Kh4 57. Rh6 Kg4 58. Rg6+ Kh4 59. Nd4 Rxb4 60.
Ke3 a5 61. Rd6 Kg5 62. Rxd5+ Kf6 63. Kf4 Rb1 64. Rd6+ Ke7 65. Ke5 a4 66. Nf5+ Ke8 67. Kf6 Rf1 68. Rxb6 a3 69. Ra6 Ra1 70.
Ke6 Re1+ 71. Kd5 Ra1 72. Ke6 Re1+ 73. Kf6 Ra1 74. Ke6 1/2-1/2

[Event "Superettan 2017/2018"]
[Site "Vegagatan 20, Gothenburg, Sweden"]
[Date "2018.02.02"]
[Round "1.3"]
[White "Arnelind, Mikael"]
[Black "Al Hadarani, Hatim"]
[Result "0-1"]
[TimeControl "90 minutes for 40 moves + 30 minutes for the rest of the game + 30 seconds per move from move one."]
[BlackTitle "FM"]
[WhiteFideId "1704290"]
[BlackFideId "9400273"]
[WhiteElo "2220"]
[BlackElo "2319"]

1. d4 c6 2. c4 f5 3. g3 Nf6 4. Bg2 e6 5. Nh3 Bb4+ 6. Nd2 d5 7. O-O O-O 8. Qc2 Qe8 9. Nf3 h6 10.
Nf4 g5 11. Nd3 Be7 12. b4 Rf7 13. a4 Rh7 14. b5 Ne4 15. Nfe5 h5 16. f3 Nd6 17. c5 Nf7 18. Nxf7 Qxf7 19.
e4 Nd7 20. bxc6 bxc6 21. Nb4 h4 22. Nxc6 hxg3 23. Nxe7+ Qxe7 24. hxg3 Qg7 25. Qd2 f4 26. gxf4 Qh6 27. fxg5 Qh2+ 28.
Kf2 Qh4+ 29. Ke3 dxe4 30. Qf2 Qxg5+ 31. f4 Qd5 32. Qa2 Qf5 33. Bxe4 Rh3+ 34. Rf3 Rxf3+ 35. Bxf3 Rb8 36. Ba3 Nf6 37.
Rg1+ Kf7 38. Rg5 Qh3 39. Qc2 Nd5+ 40. Rxd5 exd5 41. Qa2 Be6 42. Bc1 Qf1 43. Bd2 Kf6 44. Ba5 Bf5 45. Be2 Re8+ 0-1

[Event "Superettan 2017/2018"]
[Site "Vegagatan 20, Gothenburg, Sweden"]
[Date "2018.02.02"]
[Round "1.4"]
[White "Fendrich, David"]
[Black "Virolainen, Victor"]
[Result "1/2-1/2"]
[TimeControl "90 minutes for 40 moves + 30 minutes for the rest of the game + 30 seconds per move from move one."]
[WhiteFideId "1705725"]
[BlackFideId "1710672"]
[WhiteElo "2244"]
[BlackElo "2173"]

1. Nf3 Nf6 2. g3 d5 3. Bg2 Bg4 4. O-O e6 5. b3 Bd6 6. Bb2 Nbd7 7. c4 c6 8. Na3 Qe7 9. Nc2 O-O 10.
Ne3 Bh5 11. d3 Rac8 12. Qd2 Bb4 13. Qd1 b5 14. a3 Bc5 15.
cxb5 cxb5 16. Nd4 a6 17. a4 b4 18. Qd2 a5 19. Rac1 Bb6 20. f4 Nc5 21. Kh1 Qa7 22. Nec2 Bg6 23.
Nb5 Qe7 24. Ncd4 Ne8 25. Ba1 Nd6 26. Qb2 f6 27. Nxd6 Qxd6 28. f5 Bf7 29. fxe6 Bxe6 30. Nf5 Qd7 31. g4 d4 32. Qxd4 Bxf5 33.
gxf5 Qxd4 34. Bxd4 Nxa4 35. Bd5+ Kh8 36. Bxb6 Nxb6 37. Be6 Rxc1 38. Rxc1 a4 39. bxa4 Nxa4 40. Kg2 g5 41. Kf3 h5 42.
Ke3 Rb8 43. d4 b3 44. Rb1 b2 45. Kd3 Kg7 46. Kc2 Rb4 47. e3 g4 48. Bb3 Kh6 49. Bxa4 Rxa4 50. Rxb2 Kg5 51. Kd3 Kxf5 52.
Rb5+ Kg6 53. d5 Kf5 54. d6+ Ke6 55. Rxh5 Kxd6 56. e4 Ra3+ 57. Ke2 Rh3 58. Rxh3 1/2-1/2

[Event "Superettan 2017/2018"]
[Site "Vegagatan 20, Gothenburg, Sweden"]
[Date "2018.02.02"]
[Round "1.5"]
[White "Hansson, Fredrik"]
[Black "Akesson, Joel"]
[Result "1-0"]
[TimeControl "90 minutes for 40 moves + 30 minutes for the rest of the game + 30 seconds per move from move one."]
[BlackTitle "FM"]
[WhiteFideId "1713256"]
[BlackFideId "1705040"]
[WhiteElo "2177"]
[BlackElo "2279"]

1. e4 e6 2. d4 d5 3. exd5 exd5 4. c4 Bb4+ 5. Nc3 Ne7 6. Nf3 Nbc6 7. h3 Bf5 8. Be2 O-O 9. O-O dxc4 10. Bxc4 Bg6 11.
a3 Bxc3 12. bxc3 Nd5 13. Bd2 Qd6 14. Re1 Rad8 15. Nh4 Nb6 16. Nxg6 hxg6 17. Ba2 Qf6 18. Qg4 Qf5 19. Qg3 Rd7 20.
Bf4 Rc8 21. Re2 Nd5 22. Bd2 Nf6 23. Rae1 b6 24. Bg5 Nh5 25. Qh4 Qd3 26. Bb1 Qxc3 27. Re8+ 1-0

[Event "Superettan 2017/2018"]
[Site "Vegagatan 20, Gothenburg, Sweden"]
[Date "2018.02.02"]
[Round "1.6"]
[White "Pettersson, Anders"]
[Black "Eksmyr, Johan"]
[Result "0-1"]
[TimeControl "90 minutes for 40 moves + 30 minutes for the rest of the game + 30 seconds per move from move one."]
[WhiteFideId "1715143"]
[BlackFideId "1704346"]
[WhiteElo "2076"]
[BlackElo "2181"]

1. d4 Nf6 2. c4 g6 3. Nc3 d5 4. Bf4 Bg7 5. e3 c5 6. dxc5 Qa5 7. Qb3 dxc4 8. Bxc4 O-O 9. Qb5 Qxb5 10.
Nxb5 Nc6 11. Nc7 Rb8 12. Nd5 Nxd5 13. Bxd5 Bxb2 14. Bxb8 Bxa1 15.
Bxc6 Bc3+ 16. Kd1 bxc6 17. Bxa7 Rd8+ 18. Kc2 Be1 19. Nh3 Bf5+ 20. Kb3 Be6+ 21. Ka4 Bc3 22. Rc1 Be5 23. Kb4 Ra8 24.
Bb6 Rxa2 25. Nf4 Bxf4 26. exf4 Rxf2 27. g3 Rxh2 28. Rd1 Rb2+ 29. Ka5 f6 30. Ka6 Rg2 31. Rd3 Bc4+ 0-1

[Event "Superettan 2017/2018"]
[Site "Vegagatan 20, Gothenburg, Sweden"]
[Date "2018.02.02"]
[Round "1.7"]
[White "Fransson, Patrick"]
[Black "Storme, Isak"]
[Result "1/2-1/2"]
[TimeControl "90 minutes for 40 moves + 30 minutes for the rest of the game + 30 seconds per move from move one."]
[BlackTitle "CM"]
[WhiteFideId "1709305"]
[BlackFideId "1728113"]
[WhiteElo "2136"]
[BlackElo "2213"]

1. d4 Nf6 2. Bg5 d5 3. Nd2 c5 4. e3 Nc6 5. c3 e6 6. Bd3 Bd6 7. f4 cxd4 8. exd4 h6 9. Bxf6 Qxf6 10.
g3 g5 11. Qf3 gxf4 12. O-O-O Bd7 13. Ne2 O-O-O 14. gxf4 Ne7 15. Rdf1 Rdg8 16. Ng3 h5 17.
Nxh5 Qh4 18. Ng3 Bxf4 19. Qxf4 Qxf4 20. Rxf4 Rxg3 21. Rxf7 Rxd3 22. Rxe7 Rdh3 23. Rg7 Rxh2 24. Rxh2 Rxh2 25. Nf3 Rh1+ 26. Kc2 Ra1 27. Kb3 Bb5 28.
Ne5 Bc4+ 29. Nxc4 dxc4+ 30. Kxc4 Rxa2 31. b4 Ra6 32. b5 Rd6 33. Re7 a6 34. bxa6 Rxa6 35. Kd3 Rb6 36. c4 Kd8 37.
Rh7 Rb3+ 38. Kc2 Rb6 39. c5 Rc6 40. Rxb7 e5 41. Kd3 exd4 42. Kxd4 Rh6 43. Kc4 Kc8 44. Rg7 Rf6 45. Kb5 Rh6 46.
Rg1 Kc7 47. Ra1 Kb7 48. Rf1 Kc7 49. Rf7+ Kc8 50. c6 Rh1 51. Rf5 Kc7 52. Rf7+ 1/2-1/2

[Event "Superettan 2017/2018"]
[Site "Vegagatan 20, Gothenburg, Sweden"]
[Date "2018.02.02"]
[Round "1.8"]
[White "Al Waeli, Laith"]
[Black "Subramanian, Aditya"]
[Result "1/2-1/2"]
[TimeControl "90 minutes for 40 moves + 30 minutes for the rest of the game + 30 seconds per move from move one."]
[WhiteTitle "FM"]
[WhiteFideId "4801059"]
[BlackFideId "1718924"]
[WhiteElo "2069"]
[BlackElo "2133"]

1. d4 Nf6 2. c4 e6 3. Nc3 Bb4 4. e3 O-O 5. Bd3 c5 6. Nf3 d5 7. O-O cxd4 8. exd4 dxc4 9. Bxc4 b6 10.
Bg5 Bb7 11. Qe2 Bxc3 12. bxc3 Nbd7 13. Rfe1 Rc8 14. Ne5 Qc7 15.
Nxd7 Qxd7 16. Bxf6 gxf6 17. Bd3 Qd5 18. Qg4+ Qg5 19. Qh3 f5 20. Re3 Kh8 21. Rg3 Qf6 22.
Rd1 Rg8 23. Rxg8 Rxg8 24. Bf1 f4 25. g3 Bf3 26. Bd3 Rg7 27. Re1 Bg4 28. Qg2 f3 29. Qh1 Bh3 30. Bf1 Bxf1 31. Kxf1 Qf5 32.
h4 Qd3+ 33. Kg1 Qd2 34. Rf1 Qxc3 35.
h5 Qxd4 36. Qxf3 Qg4 37. Qf6 Qg5 38. Qf3 Qd5 1/2-1/2

[Event "Superettan 2017/2018"]
[Site "Vegagatan 20, Gothenburg, Sweden"]
[Date "2018.02.02"]
[Round "1.9"]
[White "Christiansen, Johan-Sebastian"]
[Black "Aberg, Anton"]
[Result "1-0"]
[TimeControl "90 minutes for 40 moves + 30 minutes for the rest of the game + 30 seconds per move from move one."]
[WhiteTitle "IM"]
[BlackTitle "IM"]
[WhiteFideId "1512668"]
[BlackFideId "1701991"]
[WhiteElo "2498"]
[BlackElo "2368"]

1. Nf3 d5 2. c4 c6 3. g3 e6 4. Bg2 f5 5. O-O Nf6 6. d3 Bd6 7. Nc3 O-O 8. Qc2 Nbd7 9. e4 fxe4 10. dxe4 dxc4 11. Rd1 Qe7 12. Qe2 e5 13. Qxc4+ Kh8 14. Be3 Nb6 15. Qe2 Bc5 16. Bxc5 Qxc5 17. Rac1 Qe7 18. h3 Bd7 19. Rd2 Rae8 20. b3 Qa3 21. Rcd1 Bc8 22. Nb1 Qe7 23. Qe3 Qb4 24. Ne1 Qe7 25. Nd3 Qf7 26. Nc3 Qh5 27. g4 Qf7 28. Nc5 Qe7 29. Nd3 Qf7 30. Ne2 Nfd7 31. Ng3 g6 32. Rb1 a5 33. Rc2 a4 34. bxa4 Nc4 35. Qc1 Nd6 36. Qa3 Qf6 37. g5 Qe7 38. Rd1 Rd8 39. Rcd2 c5 40. Qc3 c4 41. Nb4 Nc5 42. Nd5 Qg7 43. Nb6 Nd3 44. Nxc4 Nxc4 45. Rxd3 Rxd3 46. Rxd3 Be6 47. Qb4 Kg8 48. Ne2 Qc7 49. Nc3 Na5 50. Qd6 Qxd6 51. Rxd6 Kf7 52. Rb6 Rc8 53. Nd5 Bd7 54. Bf1 Rc1 55. Kg2 Bxa4 56. Bb5 Bc2 57. f3 Bb1 58. Rf6+ Kg8 59. Bd7 Bxa2 60. Be6+ 1-0

[Event "Superettan 2017/2018"]
[Site "Vegagatan 20, Gothenburg, Sweden"]
[Date "2018.02.02"]
[Round "1.10"]
[White "Hamark, Jesper"]
[Black "Shkuran, Danylo"]
[Result "1-0"]
[TimeControl "90 minutes for 40 moves + 30 minutes for the rest of the game + 30 seconds per move from move one."]
[BlackTitle "IM"]
[WhiteFideId "1704338"]
[BlackFideId "14106248"]
[WhiteElo "2333"]
[BlackElo "2397"]

1. g3 Nf6 2. Bg2 g6 3. d4 Bg7 4. e4 d6 5. Ne2 O-O 6. O-O Nbd7 7. h3 c6 8. a4 a5 9. Nbc3 e5 10.
Be3 exd4 11. Bxd4 Qc7 12. g4 Rd8 13. f4 Nf8 14.
f5 N8d7 15. Qe1 Ne5 16. Qh4 Ne8 17. Rad1 Rd7 18. g5 b6 19. Nf4 Qd8 20. Qg3 Rb8 21. h4 Ba6 22. Rfe1 Nc4 23. f6 Nxf6 24.
gxf6 Bxf6 25. Bxf6 Qxf6 26. b3 Ne5 27. Bf1 Bxf1 28. Rxf1 Qg7 29. Rd2 Rbd8 30. Rg2 Qh6 31. Qg5 Qxg5 32.
hxg5 Kg7 33. Rd2 Kg8 34. Kg2 Kg7 35. Rh1 Re7 36. Rhd1 Red7 37. Kg3 h6 38. gxh6+ Kxh6 39. Nce2 Kg7 40.
Nd4 Kf6 41. Nd3 Rc7 42. Nxe5 Kxe5 43. Re2 Kf6 44. Rf2+ Kg7 45. Rdf1 Re8 46. Rf6 Rxe4 47. Rxd6 b5 48. Rxc6 Rxc6 49.
Nxc6 bxa4 50. Nxa5 axb3 51. cxb3 Rb4 52. Rb1 f5 53. Nc6 Rb6 54. Ne5 Re6 55. Kf4 Rd6 56. b4 Kf6 57. Nf3 Ke6 58.
b5 Rb6 59. Rd1 Rd6 60. Rc1 Kd5 61. Rd1+ Kc5 62. Rxd6 Kxd6 63. Nd4 Kc5 64. Ke5 Kb6 65. Kd5 f4 66. Kc4 g5 67. Ne2 f3 68.
Ng3 f2 69. Kb4 g4 70. Kc4 Kb7 71. Kc5 Kc7 72. b6+ Kb8 73. Kc6 Kc8 74. b7+ Kb8 75. Nf1 1-0

[Event "Superettan 2017/2018"]
[Site "Vegagatan 20, Gothenburg, Sweden"]
[Date "2018.02.02"]
[Round "1.11"]
[White "Lindberg, Bengt"]
[Black "Svensson, Bengt"]
[Result "1-0"]
[TimeControl "90 minutes for 40 moves + 30 minutes for the rest of the game + 30 seconds per move from move one."]
[WhiteTitle "IM"]
[BlackTitle "IM"]
[WhiteFideId "1700359"]
[BlackFideId "1700200"]
[WhiteElo "2387"]
[BlackElo "2319"]

1. e4 c5 2. Nf3 e6 3. d4 cxd4 4. Nxd4 a6 5. Nc3 Ne7 6. Nb3 Nec6 7. Bf4 d6 8. Qd2 Qc7 9. O-O-O Ne5 10. Bg3 b5 11. f4 Nc4 12. Bxc4 bxc4 13. Nd4 Nd7 14. Rhe1 Rb8 15. Bh4 Qb7 16. b3 Nf6 17. e5 Nd5 18.
Nxd5 Qxd5 19. Qc3 Qc5 20. Qg3 Bd7 21. exd6 Bxd6 22. Qxg7 Qa3+ 23. Kd2 Rf8 24. Ke2 Qc5 25. Kf1 Qh5 26.
Nf3 Bc5 27. Re5 1-0

[Event "Superettan 2017/2018"]
[Site "Vegagatan 20, Gothenburg, Sweden"]
[Date "2018.02.02"]
[Round "1.12"]
[White "Mohammadi, Amir"]
[Black "Rydstrom, Tom"]
[Result "1-0"]
[TimeControl "90 minutes for 40 moves + 30 minutes for the rest of the game + 30 seconds per move from move one."]
[BlackTitle "FM"]
[WhiteFideId "1705890"]
[BlackFideId "1714830"]
[WhiteElo "2316"]
[BlackElo "2374"]

1. e4 c5 2. Nc3 e6 3. g3 Nc6 4. Bg2 Be7 5. d3 Nf6 6. f4 d5 7. e5 Nd7 8. Nf3 b6 9. O-O O-O 10.
Qe1 Bb7 11. Ne2 Rc8 12. c3 Ba6 13. Qd1 f6 14. Bh3 f5 15. Be3 b5 16. a3 Nb6 17. Kh1 Kh8 18. g4 Qd7 19. gxf5 exf5 20. d4 c4 21. Qc2 Bb7 22.
Bf2 g6 23. Rg1 Nd8 24. Rg2 a5 25. Rag1 b4 26. axb4 axb4 27. Bh4 Ne6 28. Qc1 Ra8 29. Qe1 Na4 30. Bxe7 Qxe7 31. Nh4 Rg8 32.
Bxf5 Nxb2 33. Bxg6 Nd3 34. Bxd3 Rxg2 35. Rxg2 cxd3 36. Nf5 Qf8 37. Neg3 Nxf4 38. Rf2 Nh3 39. Rf1 Ra2 40. Qb1 Rc2 41. e6 Bc6 42. e7 Qb8 43. Qe1 Nf4 44. Qe3 d2 45. Nd6 Rc1 46. Qxf4 Rxf1 47. Nxf1 d1=Q 48.
Qf8 1-0

[Event "Superettan 2017/2018"]
[Site "Vegagatan 20, Gothenburg, Sweden"]
[Date "2018.02.02"]
[Round "1.13"]
[White "Alle Wahlin, Ambjorn"]
[Black "Svenn, Matti"]
[Result "1-0"]
[TimeControl "90 minutes for 40 moves + 30 minutes for the rest of the game + 30 seconds per move from move one."]
[WhiteFideId "1714805"]
[BlackFideId "1705091"]
[WhiteElo "2224"]
[BlackElo "2166"]

1. d4 d5 2. Nf3 Nf6 3. c4 e6 4. g3 dxc4 5. Bg2 c5 6. O-O Nc6 7. Qa4 Bd7 8. Qxc4 b5 9. Qd3 Rc8 10.
dxc5 Bxc5 11. Nc3 Nb4 12. Qd1 Bc6 13. Bg5 Qxd1 14. Raxd1 Ne4 15. Rc1 Nxg5 16. Nxg5 Bxg2 17. Kxg2 Be7 18. Nf3 O-O 19. a3 Nd5 20. Nxd5 exd5 21. Rfd1 Bf6 22. b3 Bb2 23.
Rxc8 Rxc8 24. Rxd5 Bxa3 25. Rxb5 Bc5 26. Ne5 Bd4 27. Nc6 1-0

[Event "Superettan 2017/2018"]
[Site "Vegagatan 20, Gothenburg, Sweden"]
[Date "2018.02.02"]
[Round "1.14"]
[White "Svenn, Gosta"]
[Black "Lindahl, Emil"]
[Result "1-0"]
[TimeControl "90 minutes for 40 moves + 30 minutes for the rest of the game + 30 seconds per move from move one."]
[WhiteTitle "FM"]
[WhiteFideId "1700553"]
[BlackFideId "1713116"]
[WhiteElo "2307"]
[BlackElo "2177"]

1. Nf3 Nf6 2. c4 c5 3. g3 b6 4. Bg2 Bb7 5. O-O e6 6. Nc3 Be7 7. Re1 O-O 8. e4 d6 9. d4 cxd4 10. Nxd4 Qc8 11. b3 Nbd7 12.
Bb2 a6 13. Rc1 Re8 14. h3 Qc7 15. Qe2 Rac8 16. Kh2 Qb8 17.
Rcd1 Bf8 18. Qd2 Rcd8 19. f4 g6 20. Qf2 e5 21. Nde2 exf4 22. Nxf4 Bg7 23. Ncd5 Bxd5 24. exd5 b5 25.
cxb5 axb5 26. Nd3 Rxe1 27. Rxe1 Re8 28. Rf1 Qd8 29. Nb4 Qe7 30. Nc6 Qe2 31. Bd4 Qd3 32. Qf3 Qxf3 33. Bxf3 h5 34.
Kg2 Nh7 35. Bxg7 Kxg7 36. Nd4 b4 37. Nc6 Nhf6 38. Nxb4 Rb8 39. Nc6 Rb5 40. Rd1 Nb6 41. Rd3 Nbxd5 42. b4 Nb6 43. Rxd6 g5 44. Rd4 Na4 45. Na7 Re5 46.
b5 Nc5 47. a4 Ne6 48. Rd2 g4 49. hxg4 hxg4 50. Bc6 Ng5 51. b6 Re3 52. b7 Rb3 53. Nb5 1-0

[Event "Superettan 2017/2018"]
[Site "Vegagatan 20, Gothenburg, Sweden"]
[Date "2018.02.02"]
[Round "1.15"]
[White "Olofsson-Dolk, Mattis"]
[Black "Borvander, Tom"]
[Result "1-0"]
[TimeControl "90 minutes for 40 moves + 30 minutes for the rest of the game + 30 seconds per move from move one."]
[WhiteFideId "1715178"]
[BlackFideId "1707388"]
[WhiteElo "2165"]
[BlackElo "2126"]

1. d4 Nf6 2. c4 g6 3. Nc3 Bg7 4. e4 d6 5. h3 O-O 6. Be3 Na6 7. Nf3 c5 8. d5 Nc7 9. Bd3 a6 10.
a4 Rb8 11. a5 Bd7 12. O-O b5 13. axb6 Rxb6 14. Qd2 Qb8 15. Ra2 Rd8 16. e5 Nfe8 17. Re1 Qc8 18. Bg5 f6 19. exf6 exf6 20. Bh6 Bf5 21. Bf1 g5 22. Bxg7 Nxg7 23. Ne4 Nce8 24. Qc3 Bxe4 25. Rxe4 Qb7 26. Qe1 Kf8 27. Bd3 Rd7 28. Re2 h6 29. Bg6 Re7 30. b3 Qd7 31.
Rxe7 Qxe7 32. Re2 Qd7 33. Qb1 Rb8 34. Nh2 f5 35. Qa1 Kg8 36. Bxe8 Rxe8 37. Ra2 Qb7 38. Rxa6 Qxb3 39. Ra7 Nh5 40.
g4 Qb4 41. Nf1 Re1 42. Ra8+ Kf7 43. Qh8 Rxf1+ 44. Kxf1 Qb1+ 45. Kg2 Qe4+ 46. Kh2 Qf4 47. Kg1 Qc1+ 48. Kg2 1-0

[Event "Superettan 2017/2018"]
[Site "Vegagatan 20, Gothenburg, Sweden"]
[Date "2018.02.02"]
[Round "1.16"]
[White "Madebrink, Lars"]
[Black "Sevastianov, Andrii"]
[Result "0-1"]
[TimeControl "90 minutes for 40 moves + 30 minutes for the rest of the game + 30 seconds per move from move one."]
[WhiteFideId "1701347"]
[BlackFideId "1730240"]
[WhiteElo "2205"]
[BlackElo "2126"]

1. Nf3 e6 2. c4 d5 3. d4 Nf6 4. Nc3 Be7 5. Bg5 Nbd7 6. e3 h6 7. Bh4 O-O 8. Bd3 c5 9. cxd5 Nxd5 10.
Bxe7 Nxe7 11. O-O cxd4 12. exd4 Nf6 13. Rc1 b6 14. Qe2 Bb7 15. Rfd1 Ned5 16. Bb1 Nf4 17. Qe3 N4d5 18. Nxd5 Qxd5 19. b3 Rac8 20. Bd3 Rfd8 21.
Rc4 Qh5 22. Be2 Bd5 23. Rcc1 Bxf3 24. Bxf3 Qa5 25. a4 Nd5 26. Qd3 Nc3 27. Re1 Na2 28. Ra1 Nb4 29. Qf1 Nc2 30. Re5 Qc3 31.
Rc1 Qxb3 32. d5 exd5 33. Qd1 Nd4 34. Bxd5 Qxd1+ 35. Rxd1 Rc5 36. f4 Rcxd5 37. Rxd5 Rxd5 38. Kf2 Rd8 39.
Rc1 Ne6 40. f5 Nc5 0-1

[Event "Superettan 2017/2018"]
[Site "Vegagatan 20, Gothenburg, Sweden"]
[Date "2018.02.03"]
[Round "2.1"]
[White "Rozentalis, Eduardas"]
[Black "Christiansen, Johan-Sebastian"]
[Result "1/2-1/2"]
[TimeControl "90 minutes for 40 moves + 30 minutes for the rest of the game + 30 seconds per move from move one."]
[WhiteTitle "GM"]
[BlackTitle "IM"]
[WhiteFideId "12800023"]
[BlackFideId "1512668"]
[WhiteElo "2520"]
[BlackElo "2498"]

1. e4 e6 2. d4 d5 3. Nd2 Be7 4. e5 c5 5. c3 cxd4 6. cxd4 Qb6 7. Ndf3 Bb4+ 8. Bd2 Nc6 9. Bc3 Bd7 10. Qd2 Rc8 11. Bd3 Nge7 12. Ne2 Bxc3 13. bxc3 Na5 14. Qg5 Kf8 15. h4 Nc4 16. O-O Na3 17.
Qc1 Qa5 18. Qb2 b6 19. Rfc1 Nc6 20. Nd2 Qa4 21. Nf4 g6 22. Nb3 Na5 23. Qe2 Bb5 24. Qf3 Bxd3 25. Nxd3 N5c4 26. Rd1 Qd7 27.
Rac1 Qe7 28. Qg3 Ke8 29. Nf4 Kd7 30. Rd3 Rhf8 31. Rf3 a5 32. Qh3 Kc7 33. Rd1 Kb7 34. Nd2 Rc7 35. Nxc4 Nxc4 36.
h5 g5 37. Nd3 Qa3 38. Qg4 h6 39. Rf6 Rh8 40. Qf3 Rh7 41. Qe2 Qxc3 42. Nc5+ Ka7 43. Na4 Qb4 44. Qc2 Rh8 45. Rb1 Qd2 46.
Qxd2 Nxd2 47. Rxb6 Ne4 48. Rb5 Nxf6 49. Rxa5+ Kb8 50. exf6 Ra7 51. Rb5+ Kc7 52. Nc5 Rb8 53. Rxb8 Kxb8 54.
Nd3 Kc7 55. Ne5 Kd6 56. f3 Rxa2 57. Nxf7+ Kd7 58. Nxh6 Ke8 59. g4 Ra3 60. Kf2 Ra2+ 61. Ke3 Ra3+ 62. Kf2 Ra2+ 63. Ke3 Ra3+ 1/2-1/2

[Event "Superettan 2017/2018"]
[Site "Vegagatan 20, Gothenburg, Sweden"]
[Date "2018.02.03"]
[Round "2.2"]
[White "Shkuran, Danylo"]
[Black "Welin, Mats"]
[Result "1-0"]
[TimeControl "90 minutes for 40 moves + 30 minutes for the rest of the game + 30 seconds per move from move one."]
[WhiteTitle "IM"]
[BlackTitle "FM"]
[WhiteFideId "14106248"]
[BlackFideId "1705180"]
[WhiteElo "2397"]
[BlackElo "2314"]

1. e4 e5 2. Nf3 Nc6 3. Bb5 a6 4. Ba4 Nf6 5. Qe2 Be7 6. c3 b5 7. Bb3 O-O 8. O-O d5 9. d3 Be6 10. Rd1 Re8 11. Nbd2 h6 12. Nf1 Bf8 13. h3 a5 14.
d4 dxe4 15. Nxe5 Nxe5 16. dxe5 Nd7 17. Bxe6 Rxe6 18. Qxb5 c6 19. Qb7 Re7 20. Qxc6 Qc8 21. Qxe4 Nxe5 22. Ne3 Ra6 23. b3 Re8 24.
c4 Rf6 25. Qh4 Bc5 26. Rd5 Rg6 27. Kf1 a4 28. Bd2 Be7 29. Qh5 Bf6 30. Re1 axb3 31. axb3 Qb8 32. Rb5 Qa8 33. Nd5 Nc6 34.
Be3 Qc8 35. Rc5 Qb7 36. Qf3 Bd8 37. b4 Qd7 38. Nf4 Rf6 39. Rd1 Qb7 40. b5 Na5 41. Qxb7 Nxb7 42. Rc8 1-0

[Event "Superettan 2017/2018"]
[Site "Vegagatan 20, Gothenburg, Sweden"]
[Date "2018.02.03"]
[Round "2.3"]
[White "Al Hadarani, Hatim"]
[Black "Lindberg, Bengt"]
[Result "1/2-1/2"]
[TimeControl "90 minutes for 40 moves + 30 minutes for the rest of the game + 30 seconds per move from move one."]
[WhiteTitle "FM"]
[BlackTitle "IM"]
[WhiteFideId "9400273"]
[BlackFideId "1700359"]
[WhiteElo "2319"]
[BlackElo "2387"]

1. e4 e5 2. Nc3 Nf6 3.
Nf3 Nc6 4. g3 Bc5 5. Bg2 O-O 6.
Nxe5 Nxe5 7. d4 Bd6 8. dxe5 Bxe5 9. Ne2 Bd6 10. O-O Re8 11. Qd3 Bc5 12.
Nc3 Ng4 13. h3 Ne5 14. Qe2 a6 15. Nd5 d6 16. Be3 Bd7 17. c4 Bxe3 18. Nxe3 Bc6 19. Qc2 a5 20. Nf5 b6 21. Kh2 g6 22.
Ne3 Nd7 23. Rae1 Nc5 24. Qc3 h5 25. Nd5 Bxd5 26. cxd5 Nd7 27. f4 f6 28. h4 Qe7 29. Bh3 Nc5 30. Qf3 Kg7 31. f5 gxf5 32.
Bxf5 Rh8 33. g4 hxg4 34. Qxg4+ Kf8 35. Rg1 Nd3 36. Ref1 Ne5 37. Qg3 Ke8 38. Qg8+ Rxg8 39. Rxg8+ Qf8 40. Rxf8+ Kxf8 41. Rc1 Ra7 42.
Kh3 Kg7 43. Rg1+ Kh8 44. h5 c5 45. dxc6 Nxc6 46. Rd1 Kg7 47. Rxd6 Rc7 48. Kh4 b5 49. Bd7 Ne5 50. Bxb5 Rc2 51.
h6+ Kxh6 52. Rxf6 Kg7 53. Ra6 Rxb2 54. Rxa5 Rg2 55. Kh3 Rg1 56. Ba6 Kf6 57. Bb7 Rg7 58. Bd5 Nf3 59. Ra3 Ng5 60.
Kh2 Ke5 61. Ba8 Kf4 62. e5 Kxe5 63. Ra5+ Kd4 64. a4 Ne6 65. Rd5+ Kc4 66. Rd1 Kb4 67. Bc6 Rc7 68. Bd7 Nc5 69.
Rb1+ Ka5 70. Be8 Nxa4 1/2-1/2

[Event "Superettan 2017/2018"]
[Site "Vegagatan 20, Gothenburg, Sweden"]
[Date "2018.02.03"]
[Round "2.4"]
[White "Rydstrom, Tom"]
[Black "Akesson, Joel"]
[Result "1-0"]
[TimeControl "90 minutes for 40 moves + 30 minutes for the rest of the game + 30 seconds per move from move one."]
[WhiteTitle "FM"]
[BlackTitle "FM"]
[WhiteFideId "1714830"]
[BlackFideId "1705040"]
[WhiteElo "2374"]
[BlackElo "2279"]

1. e4 e6 2. d4 d5 3. Nc3 Bb4 4. e5 b6 5. Qg4 Bf8 6. Nf3 Qd7 7. h4 Ne7 8. h5 h6 9. Be3 Ba6 10. Bxa6 Nxa6 11. O-O Nf5 12. a4 Nb4 13. Rfc1 Be7 14.
Ne2 c5 15. a5 O-O 16. c3 Nd3 17. Rc2 bxa5 18. Rd2 c4 19. b3 Qb5 20. bxc4 dxc4 21. Nf4 Nxf4 22. Bxf4 Qb3 23. Rc1 Ba3 24.
Rcc2 Qb1+ 25. Kh2 Rab8 26. d5 Qf1 27. Nd4 Rb1 28. Nxf5 exf5 29. Qxf5 Qh1 30. Kg3 Rg1 31. Qh3 g5 32.
hxg6 fxg6 33. Qxh1 Rxh1 34. d6 g5 35. Be3 Bc1 36. d7 1-0